 Dungeon Crawl Stone Soup version 0.21-a0-508-gf08a75f (webtiles) character file.

165 theanonym the Slasher (level 5, -3/49 HPs)
             Began as a Naga Fighter on Nov 28, 2017.
             Slain by a gnoll
             ... wielding a +0 spear
              (6 damage)
             ... on level 3 of the Dungeon.
             The game lasted 00:02:24 (2068 turns).

theanonym the Slasher (Naga Fighter)                Turns: 2068, Time: 00:02:25

Health: -3/49      AC:  4    Str: 19    XL:     5   Next: 46%
Magic:  5/5        EV:  6    Int:  8    God:
Gold:   78         SH:  8    Dex: 11    Spells: 4/4 levels left

rFire    . . .     SeeInvis +   a - +0 long sword
rCold    . . .     Gourm    .   c - +0 shield
rNeg     . . .     Faith    .   e - +0 ring mail
rPois    +         Spirit   .   (no helmet)
rElec    .         Reflect  .   (no cloak)
rCorr    .         Harm     .   (no gloves)
MR       .....                  (no barding)
Stlth    +.........             (no amulet)
HPRegen  0.16/turn              (no ring)
MPRegen  0.09/turn              (no ring)

@: very slow
A: large, see invisible, deformed body, poison resistance, slowness 2, slow
metabolism 1, spit poison 1, AC +1
a: Spit Poison


Innate Abilities, Weirdness & Mutations

You cannot wear boots.
Your serpentine skin is tough. (AC +1)
You have supernaturally acute eyesight. (SInv)
Armour fits poorly on your strangely shaped body.
Your system is resistant to poisons. (rPois)
You cover ground very slowly.
You have a slow metabolism.
You can spit poison.


   Skills:
 - Level 3.0 Fighting
 + Level 5.5 Long Blades
 - Level 2.4 Armour
 - Level 2.4 Shields


You had 4 spell levels left.
You didn't know any spells.

Skill      XL: |  1  2  3  4 |
---------------+-------------+-----
Long Blades    | 3 4 5 |  5.5
Fighting       | |  3.0
Armour         | |  2.4
Shields        | |  2.4

Action                   |  1- 3 |  4- 6 || total
-------------------------+-------+-------++-------
Melee: Long sword        |    67 |    79 ||   146
Throw: Javelin           |       |     4 ||     4
 Abil: Spit Poison       |     2 |     3 ||     5
  Use: Potion            |     1 |     2 ||     3
  Eat: Chunk             |       |     3 ||     3
Armor: Ring mail         |    27 |    41 ||    68
       Scale mail        |     2 |       ||     2
Dodge: Dodged            |    19 |    26 ||    45
Block: Shield            |    32 |    48 ||    80
       Rpst.: Long sword |     7 |    11 ||    18

Inventory:

Hand Weapons
 a - a +0 long sword (weapon)
Missiles
 d - 7 javelins of returning (quivered)
 m - 2 throwing nets
 q - 25 bolts
Armour
 b - a +0 scale mail
 c - a +0 shield (worn)
 e - a +0 ring mail (worn)
   (You found it on level 1 of the Dungeon)
Jewellery
 p - a +3 ring of strength {unknown}
   (You found it on level 2 of the Dungeon)
Scrolls
 g - 4 scrolls of identify {unknown}
 j - a scroll of remove curse {unknown}
 k - a scroll of enchant armour {unknown}
 l - 2 scrolls of teleportation {unknown}
 o - a scroll of immolation {unknown}
 s - a scroll of fog {unknown}
Potions
 i - a potion of might
 n - a potion of berserk rage {unknown}
 r - a potion of flight {unknown}
Comestibles
 f - 3 bread rations
 h - 2 meat rations

Dungeon Overview and Level Annotations

Branches:
Dungeon (3/15)

Altars:


You were on level 3 of the Dungeon.
You were not hungry.

You visited 1 branch of the dungeon, and saw 3 of its levels.

You collected 78 gold pieces.


Message History

You miss the leopard gecko. The leopard gecko bites you.
You block the leopard gecko's attack.
You barely miss the leopard gecko.
The leopard gecko bites you but does no damage.
You slash the leopard gecko!
You kill the leopard gecko!
No target in view!
No target in view!
There is an open door here.
You open the door.
There is an open door here.
You open the door.
There is an open door here.
Found a stone staircase leading up.
You regained 5 hp, and now have 42/49 hp.
Key pressed, stopping explore.
A leopard gecko comes into view.
You see here a scroll labeled VAL QIXZEASOA.
A leopard gecko is nearby!
A leopard gecko is nearby!
A leopard gecko is nearby!
A leopard gecko is nearby!
A leopard gecko is nearby!
A leopard gecko is nearby!
You block the leopard gecko's attack.
Found a scroll labeled LEUKUNN TOLU.
You slash the leopard gecko!
You kill the leopard gecko!
No target in view!
No target in view!
No target in view!
No target in view!
No target in view!
No target in view!
No target in view!
No target in view!
s - a scroll labeled VAL QIXZEASOA A gnoll is nearby!
A gnoll is nearby!
A gnoll is nearby!
A gnoll is nearby!
A gnoll is nearby!
The gnoll shouts!
You hear a shout!
The gnoll shouts!
You hear a shout!
You block the gnoll's attack.
You barely miss the gnoll. You block the gnoll's attack.
You hit the gnoll but do no damage. The gnoll hits you but does no damage.
You closely miss the gnoll. You block the gnoll's attack.
The gnoll hits you but does no damage.
You closely miss the gnoll. The gnoll barely misses you.
You riposte.
You slash the gnoll!
You kill the gnoll!
The gnoll hits you from afar with a spear.
You take 4 damage, and have 40/49 hp.
You hit the gnoll but do no damage. The gnoll hits you but does no damage.
You block the gnoll's attack.
You completely miss the gnoll. The gnoll hits you but does no damage.
The gnoll hits you from afar with a spear.
You take 1 damage, and have 39/49 hp.
Your shield and ring mail prevent you from hitting the gnoll.
The gnoll barely misses you. x2; You riposte.
You hit the gnoll.
The gnoll hits you from afar with a spear!
The gnoll barely misses you.
You take 8 damage, and have 31/49 hp.
You are too injured to fight recklessly!
You are too injured to fight recklessly!
The gnoll hits you with a flail.
The gnoll hits you but does no damage. x2
The gnoll barely misses you.
You riposte.
You hit the gnoll but do no damage.
Things that are here:
a club; a gnoll corpse You take 1 damage, and have 30/49 hp.
Aim: a gnoll, wielding a flail (moderately wounded)
The splash of poison hits the gnoll.
The gnoll is poisoned.
You kill the gnoll!
You feel slightly more hungry. You block the gnoll's attack. x2
A quokka comes into view.
You hit the gnoll. You block the gnoll's attack.
The gnoll hits you with a spear. The gnoll hits you but does no damage.
You take 4 damage, and have 26/49 hp.
You barely miss the gnoll. The gnoll hits you but does no damage.
You block the gnoll's attack. The gnoll hits you but does no damage.
You hit the gnoll but do no damage. The gnoll hits you with a spear.
* * * LOW HITPOINT WARNING * * *
You block the gnoll's attack.
You take 6 damage, and have 20/49 hp.
You slash the gnoll!
You kill the gnoll!
You have got your breath back.
The gnoll hits you but does no damage.
You slash the gnoll! The gnoll hits you with a spear.
* * * LOW HITPOINT WARNING * * *
The quokka bites you.
* * * LOW HITPOINT WARNING * * *
You take 9 damage, and have 11/49 hp.
You hit the gnoll. The quokka closely misses you.
You riposte.
You hit the quokka but do no damage. The gnoll hits you with a spear!
* * * LOW HITPOINT WARNING * * *
The quokka bites you but does no damage.
The gnoll hits you with a spear.
You die...

...#....#.....#
........'.....+
#####..#.....#
#..####### #..#
#..# #
#..#######..#
#######..#.)r......
...........@g.....#
........##.#####...
........##.#
?......###.#
.....<. #.# .......
#.# ....... #.#
+###### #.#


You could see a gnoll and a quokka.

Notes
Turn   | Place    | Note
-------+----------+-------------------------------------------
     0 | D:1      | theanonym the Naga Fighter began the quest for the Orb.
     0 | D:1      | Reached XP level 1. HP: 21/21 MP: 1/1
   289 | D:1      | Reached XP level 2. HP: 26/28 MP: 2/2
   650 | D:2      | Reached skill level 3 in Long Blades
   743 | D:2      | Reached XP level 3. HP: 34/34 MP: 3/3
   916 | D:2      | Noticed Natasha
   925 | D:2      | HP: 15/34 [Natasha (6)]
   926 | D:2      | HP: 6/34 [Natasha (5)]
   927 | D:2      | HP: 2/34 [Natasha/magic dart (5)]
   928 | D:2      | Killed Natasha
   928 | D:2      | Reached skill level 4 in Long Blades
   928 | D:2      | Reached XP level 4. HP: 2/42 MP: 4/4
  1508 | D:2      | Noticed Natasha
  1514 | D:2      | Killed Natasha
  1640 | D:3      | HP: 20/42 [adder (2)]
  1645 | D:3      | HP: 14/42 [poisoned by an adder]
  1650 | D:3      | HP: 8/42 [poisoned by an adder]
  1655 | D:3      | Reached skill level 5 in Long Blades
  1655 | D:3      | Reached XP level 5. HP: 15/49 MP: 5/5
  1660 | D:3      | HP: 15/49 [adder (1)]
  2065 | D:3      | HP: 20/49 [gnoll/spear (6)]
  2068 | D:3      | HP: 3/49 [gnoll/spear (8)]
  2068 | D:3      | Slain by a gnoll

Vanquished Creatures
  Natasha (twice) (D:2)
  A worker ant zombie (D:2)
  3 gnolls (D:3)
  3 adders (D:3)
  2 oozes
  3 leopard geckos
  An orc (D:3)
  A ball python (D:1)
  2 bats
  2 giant cockroaches
  A goblin (D:3)
  4 hobgoblins
  3 jackals (D:3)
  A quokka (D:3)
  2 frilled lizards (D:2)
  7 kobolds
  2 rats (D:2)
40 creatures vanquished.
